[Event "Titled Tuesday Blitz July 25 Late 2023"]
[White "SergioMoralesG"]
[Black "KSho99"]
[WhiteElo "2435"]
[BlackElo "2219"]
[Result "1/2-1/2"]
[Round "4"]
[TimeControl "180+2"]
[Date "2023.07.25"]
[WhiteClock "0:00:05"]
[BlackClock "0:00:04"]
[Board "153"]

1. d4 d5 2. c4 dxc4 3. Nf3 Nf6 4. e3 e6 5. Bxc4 c5 6. O-O a6 7. b3 b5 8. Be2 Bb7 9. Bb2 Nbd7 10. Nbd2 Be7 11. a4 b4 12. a5 O-O 13. Nc4 Qc7 14. Nfd2 Ne4 15. Nxe4 Bxe4 16. Bf3 Qb7 17. Nd2 Bxf3 18. Qxf3 Qxf3 19. Nxf3 Rfc8 20. Rfd1 c4 21. bxc4 Rxc4 22. d5 exd5 23. Rxd5 Nf6 24. Rd4 Rc2 25. Rb1 Rac8 26. g3 h6 27. Rd2 Ne4 28. Rd7 Bd8 29. Bd4 Bxa5 30. Ne5 f6 31. Nd3 Nd2 32. Rd1 Nf3+ 33. Kg2 Nxd4 34. Rxd4 b3 35. Rb1 Bc3 36. Rd5 b2 37. Rd7 a5 38. Nf4 a4 39. Ne6 Kh8 40. Ra7 Rc1 41. Rxb2 Bxb2 42. Nxg7 Kg8 43. Nh5 f5 44. Rxa4 Bh8 45. Ra6 Rd1 46. Rg6+ Kh7 47. Re6 Rf8 48. Nf4 Bg7 49. Re7 Kh8 50. Ng6+ Kg8 51. Nxf8 Kxf8 52. Re6 Kf7 53. Rc6 Bf6 54. Rc5 Kg6 55. h4 Rd2 56. Rc6 Kf7 57. Kf3 Be7 58. Rc7 Rd6 59. Rb7 Ke6 60. Rb5 Rd5 61. Rb6+ Rd6 62. Rb7 Rd7 63. Rb6+ Rd6 64. Rb7 Rd7 65. Rb5 Rd5 66. Rb6+ Rd6 1/2-1/2


[Site "https://www.chess.com"]

[Event "Titled Tuesday Blitz July 25 Late 2023"]
[White "Serban, Cristian-Stefan"]
[Black "Francisco_Ferrari"]
[WhiteFideId "1241443"]
[WhiteElo "2435"]
[BlackElo "2209"]
[Result "1-0"]
[Round "4"]
[TimeControl "180+2"]
[Date "2023.07.25"]
[WhiteClock "0:01:40"]
[BlackClock "0:00:08"]
[Board "154"]

1. d4 Nf6 2. Bf4 d5 3. e3 e6 4. Nf3 Bd6 5. Bg3 O-O 6. Bd3 b6 7. Nbd2 c5 8. c3 Ba6 9. Qe2 Bxd3 10. Qxd3 Nc6 11. Ne5 Qc7 12. f4 Ne7 13. O-O Nf5 14. Bf2 c4 15. Qe2 b5 16. g4 Ne7 17. g5 Nd7 18. e4 dxe4 19. Nxe4 Nd5 20. Bg3 Rfe8 21. Nxd6 Qxd6 22. Qh5 Nxe5 23. fxe5 Qd7 24. a3 a5 25. Rf3 b4 26. axb4 axb4 27. Raf1 Rf8 28. Be1 Ra2 29. Rh3 h6 30. gxh6 g6 31. h7+ Kh8 32. Qh6 Qd8 33. Rhf3 Qe7 34. Bh4 Qe8 35. Bf6+ Nxf6 36. exf6 1-0


[Site "https://www.chess.com"]

[Event "Titled Tuesday Blitz July 25 Late 2023"]
[White "Reprintsev, Alexander"]
[Black "Lopez Perdomo, Juan David"]
[WhiteFideId "14100541"]
[BlackFideId "4405137"]
[WhiteElo "2434"]
[BlackElo "2206"]
[Result "0-1"]
[Round "4"]
[TimeControl "180+2"]
[Date "2023.07.25"]
[WhiteClock "0:01:31"]
[BlackClock "0:02:04"]
[Board "155"]

1. e4 c5 2. b3 e6 3. Nf3 d6 4. Bb2 Nf6 5. e5 dxe5 6. Nxe5 Nbd7 7. Qf3 Nxe5 8. Bxe5 a6 9. Nc3 Be7 10. O-O-O O-O 11. d4 Qa5 12. dxc5 Qxc5 13. Kb1 Qxe5 0-1


[Site "https://www.chess.com"]

[Event "Titled Tuesday Blitz July 25 Late 2023"]
[White "Osmonbekov, Talaibek"]
[Black "Necromon"]
[WhiteFideId "2017253"]
[WhiteElo "2164"]
[BlackElo "2431"]
[Result "0-1"]
[Round "4"]
[TimeControl "180+2"]
[Date "2023.07.25"]
[WhiteClock "0:00:12"]
[BlackClock "0:00:29"]
[Board "156"]

1. d4 d5 2. Nc3 c6 3. Bf4 Nf6 4. e3 e6 5. Nf3 Bd6 6. Bg3 O-O 7. Ne5 Qc7 8. f4 b5 9. Bd3 b4 10. Ne2 c5 11. dxc5 Qxc5 12. Nd4 Ba6 13. O-O Ne4 14. Bxa6 Nxa6 15. Nd7 Qc7 16. Nxf8 Rxf8 17. Nb5 Qc5 18. Nd4 Rc8 19. a3 bxa3 20. Rxa3 Qb6 21. Rb3 Qd8 22. Rb7 Rc7 23. Rxc7 Bxc7 24. Qd3 Nac5 25. Qb5 Bb6 26. Ra1 h5 27. Be1 h4 28. h3 Nb7 29. Qc6 Nbd6 30. Bb4 Nc4 31. Re1 Nxe3 32. c3 Nc2 33. Rxe4 dxe4 34. Qxe4 Nxb4 35. f5 Qd5 36. Qxd5 Nxd5 37. fxe6 fxe6 38. Kf1 Bxd4 39. cxd4 Kf7 40. Kf2 Kg6 41. Kf3 Kf5 42. b3 a5 43. g4+ hxg3 44. Kxg3 Ke4 45. Kg4 Kxd4 46. Kg5 e5 47. Kg6 e4 48. Kxg7 e3 49. h4 e2 50. h5 e1=Q 51. h6 Qe7+ 52. Kg6 Qf6+ 53. Kh5 Ke5 54. h7 Kf4 55. h8=Q Qg5# 0-1


[Site "https://www.chess.com"]

[Event "Titled Tuesday Blitz July 25 Late 2023"]
[White "Krzywda, Andrzej"]
[Black "Novikova, Margarita"]
[WhiteFideId "1114565"]
[BlackFideId "14109689"]
[WhiteElo "2427"]
[BlackElo "2167"]
[Result "1/2-1/2"]
[Round "4"]
[TimeControl "180+2"]
[Date "2023.07.25"]
[WhiteClock "0:00:28"]
[BlackClock "0:00:32"]
[Board "157"]

1. e4 e5 2. Nf3 Nc6 3. Bb5 a6 4. Ba4 Nf6 5. O-O b5 6. Bb3 Be7 7. Re1 O-O 8. a4 Bb7 9. d3 d6 10. Nc3 b4 11. Nd5 Nxd5 12. Bxd5 Na5 13. Bxb7 Nxb7 14. d4 Bf6 15. Be3 a5 16. d5 Qd7 17. c4 c5 18. b3 h6 19. h3 Be7 20. Nd2 f5 21. exf5 Qxf5 22. Qb1 Qf7 23. Qe4 Qf5 24. Qg4 Qxg4 25. hxg4 Nd8 26. Ne4 Nf7 27. f3 Bg5 28. Bxg5 hxg5 29. Kf2 Kh7 30. Rh1+ Kg6 31. Rh5 Rh8 32. Rah1 Rxh5 33. Rxh5 Rd8 34. g3 Rf8 35. Ke3 Rd8 36. Rh2 Rd7 37. Rh5 Rd8 38. Rh1 Rd7 39. Rd1 Nh6 40. Kf2 Rd8 41. Kg2 Nf7 42. Rh1 Rd7 43. Rh5 Re7 44. Rh1 Re8 45. Rh3 Re7 46. Rh1 Re8 47. Re1 Rh8 48. Rh1 Re8 1/2-1/2


[Site "https://www.chess.com"]

[Event "Titled Tuesday Blitz July 25 Late 2023"]
[White "Jahnz, Fabian"]
[Black "Silva Lucena, Cristian"]
[WhiteFideId "4653300"]
[BlackFideId "2232588"]
[WhiteElo "2148"]
[BlackElo "2427"]
[Result "1/2-1/2"]
[Round "4"]
[TimeControl "180+2"]
[Date "2023.07.25"]
[WhiteClock "0:00:05"]
[BlackClock "0:00:24"]
[Board "158"]

1. e4 c6 2. Nf3 d5 3. Nc3 Bg4 4. h3 Bxf3 5. Qxf3 e6 6. d4 Nf6 7. exd5 cxd5 8. Bb5+ Nc6 9. O-O Qb6 10. Bxc6+ bxc6 11. Qd3 Bd6 12. Bg5 Nd7 13. Rab1 O-O 14. f4 c5 15. dxc5 Nxc5 16. Qe3 h6 17. Bh4 Rab8 18. Bf2 Qa6 19. a3 Rfc8 20. f5 Be7 21. Nxd5 exd5 22. Qxe7 Ne4 23. Qxa7 Qf6 24. Bd4 Qg5 25. Be3 Qg3 26. Rf3 Qh4 27. c3 Ra8 28. Qd4 Ra5 29. Rf4 Qh5 30. Rg4 f6 31. Rf1 Kh7 32. Rg6 Rb5 33. b4 Nd6 34. Qg4 Qxg4 35. Rxg4 Ne4 36. Bd4 Nxc3 37. Bxc3 Rxc3 38. Ra1 Kg8 39. a4 Rb8 40. Rd4 Kh7 41. b5 Rc5 42. Kf2 Ra8 43. Rad1 h5 44. Rxd5 Rc2+ 45. R1d2 Rc4 46. R2d4 Raxa4 47. Rxc4 Rxc4 48. Rd8 Rb4 49. Rb8 Kh6 50. Ke3 Kg5 51. b6 Kxf5 52. b7 g6 53. g3 Kg5 54. Kf3 Rb3+ 55. Kf2 f5 56. Kg2 h4 57. gxh4+ Kf4 58. Kf2 Rb2+ 59. Ke1 Kf3 60. h5 gxh5 61. Rf8 Rb1+ 62. Kd2 Rxb7 63. Rxf5+ Kg3 64. Rxh5 Rf7 65. Rh8 Kf4 66. Ke2 Kg5 67. Ke3 Re7+ 68. Kf3 Rb7 69. Rg8+ Kh6 70. h4 Rb4 71. Kg3 Rb3+ 72. Kg4 Rb4+ 73. Kh3 Rc4 74. Kg3 Kh5 75. Rh8+ Kg6 76. Rd8 Kh7 77. Kf3 Kg6 78. Kg3 Rc3+ 79. Kg4 Rc4+ 80. Kg3 1/2-1/2


[Site "https://www.chess.com"]

[Event "Titled Tuesday Blitz July 25 Late 2023"]
[White "Baches Garcia, Guillermo"]
[Black "Tsukerman, Julia"]
[WhiteFideId "2209764"]
[BlackFideId "2621649"]
[WhiteElo "2427"]
[BlackElo "2124"]
[Result "1-0"]
[Round "4"]
[TimeControl "180+2"]
[Date "2023.07.25"]
[WhiteClock "0:00:10"]
[BlackClock "0:00:01"]
[Board "159"]

1. e4 c5 2. Nf3 d6 3. d4 cxd4 4. Nxd4 Nf6 5. Nc3 a6 6. Be3 e5 7. Nb3 Be6 8. f3 Be7 9. Qd2 Nbd7 10. O-O-O b5 11. g4 O-O 12. g5 Nh5 13. Kb1 b4 14. Nd5 Bxd5 15. exd5 a5 16. Bb5 Nb6 17. Qf2 Nd7 18. Bc6 Rc8 19. h4 f5 20. Rhe1 f4 21. Bc1 Qc7 22. Nd4 Nc5 23. Nb5 Qb6 24. Qe2 Ng3 25. Qc4 Kh8 26. b3 Nf5 27. a4 bxa3 28. Ka2 Rb8 29. Bxa3 g6 30. Bxc5 dxc5 31. Nc3 Nd6 32. Qe2 Nf7 33. Na4 Qb4 34. Qc4 Qxc4 35. bxc4 Bd6 36. Rb1 Rb4 37. c3 Rxb1 38. Rxb1 Rb8 39. Rb5 Rxb5 40. cxb5 Nd8 41. Nb2 Kg7 42. Nc4 Bb8 43. Nxa5 Kf7 44. Kb3 Ke7 45. Kc4 Bd6 46. Kd3 Nf7 47. Nc4 Kd8 48. Ke4 Bc7 49. b6 Kc8 50. bxc7 Kxc7 51. Ba4 1-0


[Site "https://www.chess.com"]

[Event "Titled Tuesday Blitz July 25 Late 2023"]
[White "Pasti, Aron"]
[Black "Tarnowska, Aleksandra"]
[WhiteFideId "785857"]
[BlackFideId "1180967"]
[WhiteElo "2425"]
[BlackElo "2111"]
[Result "1-0"]
[Round "4"]
[TimeControl "180+2"]
[Date "2023.07.25"]
[WhiteClock "0:00:02"]
[BlackClock "0:00:00"]
[Board "160"]

1. e4 c5 2. d4 cxd4 3. c3 d5 4. exd5 Qxd5 5. cxd4 e6 6. Nc3 Qd6 7. Nf3 Nf6 8. Bb5+ Bd7 9. Bxd7+ Nbxd7 10. O-O Be7 11. Bg5 h6 12. Bh4 Nh5 13. Nb5 Qb6 14. Bxe7 Kxe7 15. Qe2 Nf4 16. Qc4 Nd5 17. Rfe1 N7f6 18. Nc3 Nxc3 19. bxc3 Rhc8 20. Qd3 Kf8 21. Rab1 Qc7 22. Ne5 b6 23. c4 Rd8 24. Re3 Kg8 25. Rf3 Qe7 26. Qe3 Rd6 27. c5 bxc5 28. dxc5 Rd5 29. Nc6 Qc7 30. Nb4 Rxc5 31. Na6 Qe5 32. Nxc5 Qd5 33. Nd3 Rd8 34. Rd1 Qxa2 35. h3 Nd5 36. Qd2 Qb3 37. Qc1 Qb5 38. Ne5 Nb4 39. Nxf7 Kf8 40. Rxd8+ Ke7 41. Rd7+ Kxd7 42. Ne5+ Kd6 43. Qd1+ Nd5 44. Nd3 Qc4 45. Nf4 1-0


[Site "https://www.chess.com"]

[Event "Titled Tuesday Blitz July 25 Late 2023"]
[White "Sztokbant, Bernardo Vainzoff"]
[Black "Semenova, Alina"]
[WhiteFideId "2115956"]
[BlackFideId "24113875"]
[WhiteElo "2423"]
[BlackElo "2092"]
[Result "1-0"]
[Round "4"]
[TimeControl "180+2"]
[Date "2023.07.25"]
[WhiteClock "0:01:22"]
[BlackClock "0:00:00"]
[Board "161"]

1. e4 e5 2. Nf3 Nf6 3. d4 Nxe4 4. Bd3 d5 5. Nxe5 Nd7 6. Nxd7 Bxd7 7. O-O Bd6 8. Nc3 Nxc3 9. bxc3 O-O 10. Qh5 g6 11. Qxd5 Bc6 12. Qg5 f6 13. Qh4 Qe7 14. Bf4 Rae8 15. Bc4+ Kh8 16. Bh6 g5 17. Bxf8 Rxf8 18. Qh3 f5 19. Rfe1 Qg7 20. Be6 g4 21. Qd3 Qh6 22. g3 Rf6 23. d5 Ba4 24. Bxf5 Qh3 25. Qd4 1-0


[Site "https://www.chess.com"]

[Event "Titled Tuesday Blitz July 25 Late 2023"]
[White "Winkels, Marcel"]
[Black "Willy, Stephen"]
[WhiteFideId "1003887"]
[BlackFideId "30981468"]
[WhiteElo "2063"]
[BlackElo "2423"]
[Result "0-1"]
[Round "4"]
[TimeControl "180+2"]
[Date "2023.07.25"]
[WhiteClock "0:00:00"]
[BlackClock "0:00:11"]
[Board "162"]

1. e4 c6 2. d4 b5 3. Nf3 d6 4. Bd3 Nf6 5. O-O g6 6. Bg5 Bg7 7. Qd2 h6 8. Bf4 g5 9. Bg3 Nh5 10. Nc3 g4 11. Nh4 Bxd4 12. Nxb5 Bxb2 13. Rab1 Bf6 14. Nc3 e5 15. Nf5 Bxf5 16. exf5 Nxg3 17. fxg3 d5 18. Be2 Qd6 19. Bxg4 Qc5+ 20. Kh1 h5 21. Bh3 Nd7 22. Rb7 Qd6 23. Ne4 Qe7 24. Nxf6+ Qxf6 25. c4 d4 26. Re1 Rd8 27. Qxd4 O-O 28. Qe3 Nb6 29. g4 Nxc4 30. Qe2 Rd4 31. gxh5 Rfd8 32. Rbb1 Nd2 33. Rbd1 Ne4 34. Rxd4 Rxd4 35. g3 Qg5 36. Bg2 Nf6 37. Qxe5 Rd2 38. Qb8+ Kg7 39. Qxa7 Qxh5 40. Qe3 Rxa2 41. Qe5 Rd2 42. Qe3 Rd6 43. Qe5 Rd2 44. Qe3 Ng4 0-1


[Site "https://www.chess.com"]

[Event "Titled Tuesday Blitz July 25 Late 2023"]
[White "Rakitic2010"]
[Black "zano2023"]
[WhiteElo "2416"]
[BlackElo "2014"]
[Result "1-0"]
[Round "4"]
[TimeControl "180+2"]
[Date "2023.07.25"]
[WhiteClock "0:00:38"]
[BlackClock "0:01:13"]
[Board "164"]

1. e4 e5 2. Nf3 d6 3. d4 f5 4. Bg5 Be7 5. Bxe7 Qxe7 6. dxe5 fxe4 7. Nfd2 Qxe5 8. Nc3 Nf6 9. Be2 O-O 10. O-O d5 11. f4 Qd4+ 12. Kh1 Qb6 13. Nb3 c6 14. a4 a5 15. g4 Be6 16. f5 Bf7 17. g5 Nfd7 18. Bh5 g6 19. Bg4 Ne5 20. Qe2 gxf5 21. Bxf5 Bg6 22. Be6+ Kg7 23. Rxf8 Kxf8 24. Rf1+ Nf3 25. Rxf3+ exf3 26. Qxf3+ Ke7 27. Qf6+ Kd6 28. Bf5+ Kc7 29. Qe5+ Kd8 30. Qd6+ Ke8 31. Nxd5 Qd8 32. Nf6+ 1-0


[Site "https://www.chess.com"]

[Event "Titled Tuesday Blitz July 25 Late 2023"]
[White "Uzcategui Rodriguez, Alejandro"]
[Black "Burke, Paul"]
[WhiteFideId "3903400"]
[BlackFideId "2605767"]
[WhiteElo "2416"]
[BlackElo "1928"]
[Result "1/2-1/2"]
[Round "4"]
[TimeControl "180+2"]
[Date "2023.07.25"]
[WhiteClock "0:00:42"]
[BlackClock "0:01:28"]
[Board "165"]

1. e4 e5 2. Nf3 Nc6 3. Bc4 Be7 4. d4 exd4 5. c3 d6 6. cxd4 Nf6 7. Nc3 O-O 8. O-O Bg4 9. Be3 Nxe4 10. Nxe4 d5 11. Bd3 dxe4 12. Bxe4 f5 13. Bxc6 bxc6 14. Qb3+ Kh8 15. Ne5 Qd5 16. Qxd5 cxd5 17. Nxg4 fxg4 18. Rac1 Bd6 19. Rfe1 Kg8 20. b3 a5 21. Bg5 a4 22. Be7 Bxe7 23. Rxe7 axb3 24. Rcxc7 Rfe8 25. Rxg7+ Kh8 26. Rxh7+ Kg8 27. Rb7 bxa2 28. Rbg7+ Kf8 29. Rf7+ Kg8 30. Rfg7+ Kf8 31. Rf7+ Kg8 32. Rfg7+ 1/2-1/2


[Site "https://www.chess.com"]

[Event "Titled Tuesday Blitz July 25 Late 2023"]
[White "Rios Escobar, Adan"]
[Black "Eggleston, Thomas A"]
[WhiteFideId "3403645"]
[BlackFideId "412139"]
[WhiteElo "2411"]
[BlackElo "2415"]
[Result "1-0"]
[Round "4"]
[TimeControl "180+2"]
[Date "2023.07.25"]
[WhiteClock "0:00:10"]
[BlackClock "0:00:00"]
[Board "166"]

1. d4 e6 2. c4 f5 3. g3 Nf6 4. Nf3 Be7 5. Bg2 O-O 6. O-O d6 7. b3 Ne4 8. Bb2 Bf6 9. Nbd2 c5 10. e3 Nc6 11. Ne1 d5 12. cxd5 exd5 13. f3 Nd6 14. Nc2 cxd4 15. Nxd4 Nxd4 16. Bxd4 Bxd4 17. exd4 Qf6 18. Nb1 Nb5 19. f4 Be6 20. Re1 Bf7 21. Re5 Rad8 22. Qd3 Qb6 23. Nc3 Nxd4 24. Kh1 Nc6 25. Rxf5 Nb4 26. Qd2 d4 27. Ne4 d3 28. Ng5 Bg6 29. Rxf8+ Rxf8 30. Re1 Nc2 31. Bd5+ Kh8 32. Re6 Qb4 33. Qxb4 Nxb4 34. Bc4 Rd8 35. Rxg6 hxg6 36. Nf7+ Kh7 37. Nxd8 d2 38. Be2 Nd3 39. Kg2 Nb2 40. Nxb7 d1=Q 41. Bxd1 Nxd1 42. Kf3 Nc3 43. a3 Nb5 44. a4 Nd4+ 45. Ke4 Nxb3 46. Kd5 Kh6 47. Nc5 Na5 48. Kd6 g5 49. fxg5+ Kxg5 50. Ne6+ Kf6 51. Nd4 g5 52. Nc6 Nc4+ 53. Kc5 Nb6 54. a5 Nd7+ 55. Kd6 Nf8 56. Nxa7 g4 57. Nc6 Ng6 58. a6 Nf4 59. gxf4 Kf5 60. Ne5 Kxf4 61. Nxg4 Kxg4 62. a7 Kh3 63. a8=Q Kxh2 64. Qf3 Kg1 65. Qe2 Kh1 66. Ke5 Kg1 67. Kf4 Kh1 68. Kg3 1-0


[Site "https://www.chess.com"]

[Event "Titled Tuesday Blitz July 25 Late 2023"]
[White "Ai, Evan"]
[Black "Butolo, Alexandru-Mircea"]
[WhiteFideId "2094770"]
[BlackFideId "1261649"]
[WhiteElo "2414"]
[BlackElo "1804"]
[Result "0-1"]
[Round "4"]
[TimeControl "180+2"]
[Date "2023.07.25"]
[WhiteClock "0:01:15"]
[BlackClock "0:01:57"]
[Board "167"]

1. e4 c5 2. Nf3 Nc6 3. d4 cxd4 4. Nxd4 Nf6 5. Nc3 e6 6. Nxc6 bxc6 7. e5 Nd5 8. Ne4 Qc7 9. f4 Rb8 10. c4 Bb4+ 11. Ke2 O-O 12. cxd5 cxd5 13. Nf2 f6 14. Nd3 fxe5 15. fxe5 Ba6 16. Qa4 Qxe5+ 17. Kd1 Rxf1+ 18. Rxf1 Bxd3 19. Bf4 Qe2+ 0-1


[Site "https://www.chess.com"]

[Event "Titled Tuesday Blitz July 25 Late 2023"]
[White "Masterisback04"]
[Black "awayceiling"]
[WhiteElo "1865"]
[BlackElo "1453"]
[Result "1-0"]
[Round "4"]
[TimeControl "180+2"]
[Date "2023.07.25"]
[WhiteClock "0:02:32"]
[BlackClock "0:02:26"]
[Board "168"]

1. e4 c5 2. Nf3 e6 3. d4 cxd4 4. Nxd4 a6 5. Nc3 Qc7 6. Qd3 Nf6 7. Qg3 Qxg3 8. hxg3 Nc6 9. Nxc6 bxc6 10. e5 Nd5 11. Ne4 Bb7 12. c4 Nc7 13. Be3 Rb8 14. O-O-O Bc5 15. Bxc5 1-0


[Site "https://www.chess.com"]

[Event "Titled Tuesday Blitz July 25 Late 2023"]
[White "Petesch, Gabriel"]
[Black "kiwibobo"]
[WhiteFideId "2032465"]
[WhiteElo "2575"]
[BlackElo "2332"]
[Result "1-0"]
[Round "4"]
[TimeControl "180+2"]
[Date "2023.07.25"]
[WhiteClock "0:01:56"]
[BlackClock "0:00:37"]
[Board "169"]

1. e4 e5 2. d4 exd4 3. Bc4 Nf6 4. Nf3 Nc6 5. e5 d5 6. exf6 dxc4 7. O-O Qxf6 8. Re1+ Be6 9. Na3 O-O-O 10. Bg5 Qg6 11. Bxd8 Nxd8 12. Nb5 Nc6 13. Nfxd4 Bd5 14. Nf3 Qh5 15. Re8+ Kd7 16. Ne5+ Kxe8 17. Nxc7+ Kd8 18. Qxh5 Kxc7 19. Nxf7 g6 20. Qxd5 1-0


[Site "https://www.chess.com"]

[Event "Titled Tuesday Blitz July 25 Late 2023"]
[White "morozcoma"]
[Black "Ganiev, Roman"]
[BlackFideId "4131452"]
[WhiteElo "2323"]
[BlackElo "2514"]
[Result "0-1"]
[Round "4"]
[TimeControl "180+2"]
[Date "2023.07.25"]
[WhiteClock "0:01:55"]
[BlackClock "0:02:11"]
[Board "170"]

1. e4 c5 2. Nf3 d6 3. Nc3 Nf6 4. Bc4 e6 5. d4 cxd4 6. Nxd4 a6 7. Bb3 Nc6 8. Be3 Be7 9. O-O O-O 10. f4 Bd7 11. f5 e5 12. Nde2 Rc8 13. Ng3 Na5 14. Nh5 Nxb3 15. axb3 Bc6 16. Nxf6+ Bxf6 17. Nd5 Bxd5 18. Qxd5 Rxc2 19. Rad1 Rxb2 20. Rf2 Rxf2 21. Kxf2 Qc7 22. Qxd6 Qc2+ 23. Rd2 Qxe4 24. Bc5 Qxf5+ 25. Kg1 Rc8 26. Rf2 Qb1+ 27. Rf1 Qxb3 28. Rxf6 gxf6 29. Qxf6 Qd1+ 30. Kf2 Qc2+ 31. Kf1 Rxc5 32. Qg5+ Qg6 33. Qd8+ 0-1


[Site "https://www.chess.com"]

[Event "Titled Tuesday Blitz July 25 Late 2023"]
[White "Zanette, Edgard Vinicius"]
[Black "Liu, Casper"]
[WhiteFideId "2109263"]
[BlackFideId "1454153"]
[WhiteElo "2309"]
[BlackElo "2482"]
[Result "1-0"]
[Round "4"]
[TimeControl "180+2"]
[Date "2023.07.25"]
[WhiteClock "0:00:58"]
[BlackClock "0:00:58"]
[Board "171"]

1. e4 c5 2. Nf3 d6 3. d4 Nf6 4. Nc3 cxd4 5. Nxd4 Nc6 6. Be2 e5 7. Nb3 Be6 8. Bg5 Be7 9. Bxf6 Bxf6 10. Nd5 O-O 11. O-O Bg5 12. c4 f5 13. Bd3 f4 14. f3 Bh4 15. Kh1 g5 16. c5 h5 17. Rc1 g4 18. cxd6 Qxd6 19. Nc5 Bc8 20. Nxf4 Qh6 21. Bc4+ Kh8 22. Nfe6 Rg8 23. Nc7 Rd8 24. Bd5 Rb8 25. Nb5 gxf3 26. gxf3 a6 27. Nc3 Nd4 28. Ne2 Bh3 29. Nxd4 Bxf1 30. Nde6 Rg8 31. Qxf1 Bf2 32. Nd3 Rg1+ 33. Qxg1 Bxg1 34. Rxg1 Qe3 35. Nxe5 Rc8 36. Nf7+ Kh7 37. Rg7# 1-0


[Site "https://www.chess.com"]

[Event "Titled Tuesday Blitz July 25 Late 2023"]
[White "AndresDelgado77"]
[Black "Yeritsyan, Hayk"]
[BlackFideId "13307320"]
[WhiteElo "2308"]
[BlackElo "2473"]
[Result "1-0"]
[Round "4"]
[TimeControl "180+2"]
[Date "2023.07.25"]
[WhiteClock "0:00:28"]
[BlackClock "0:01:11"]
[Board "172"]

1. e4 c6 2. d4 d5 3. Nc3 dxe4 4. Nxe4 Nd7 5. Bc4 Ngf6 6. Ng5 e6 7. Qe2 Nb6 8. Bb3 h6 9. N5f3 Be7 10. Bf4 Nbd5 11. Bg3 Bd6 12. Ne5 Qc7 13. O-O-O O-O 14. c4 Nb4 15. a3 Na6 16. c5 Bxe5 17. Bxe5 Qd8 18. g4 Nd5 19. h4 f6 20. Bd6 Re8 21. f4 Nac7 22. Bc4 Nb5 23. Bxb5 cxb5 24. g5 fxg5 25. hxg5 hxg5 26. Qh5 Nf6 27. Qg6 g4 28. Ne2 Qd7 29. Ng3 Qf7 30. Rh8+ Kxh8 31. Qxf7 Bd7 32. Rh1+ 1-0


[Site "https://www.chess.com"]

[Event "Titled Tuesday Blitz July 25 Late 2023"]
[White "WindWhistler11"]
[Black "Schut, Han"]
[BlackFideId "1005561"]
[WhiteElo "2442"]
[BlackElo "2270"]
[Result "0-1"]
[Round "4"]
[TimeControl "180+2"]
[Date "2023.07.25"]
[WhiteClock "0:00:33"]
[BlackClock "0:00:25"]
[Board "173"]

1. Nf3 Nf6 2. c4 g6 3. g3 Bg7 4. Bg2 O-O 5. O-O d5 6. cxd5 Nxd5 7. Nc3 c5 8. Qb3 Nb6 9. Ne4 c4 10. Qc2 Nc6 11. a3 Bf5 12. Nh4 Nd4 13. Qd1 Bg4 14. h3 Bc8 15. a4 a5 16. Ra3 e5 17. d3 f5 18. Nc5 Qe7 19. e3 Qxc5 20. exd4 Qxd4 21. Be3 Qxb2 22. Bxb6 Qxa3 23. dxc4 Be6 24. c5 e4 25. Qd6 Qb3 26. Re1 Rac8 27. Re3 Qd5 28. Bf1 Bd4 29. Qxd5 Bxd5 30. Re1 Bxc5 31. Bxa5 b6 32. Bd2 Be7 33. Ng2 Rc2 34. Be3 Bc4 35. Nf4 Bxf1 36. Kxf1 Bc5 37. Bxc5 bxc5 38. Ra1 Rb8 39. h4 Rcb2 40. Ne6 Rb1+ 41. Rxb1 Rxb1+ 42. Kg2 c4 43. a5 c3 44. Nd4 Ra1 0-1


[Site "https://www.chess.com"]

[Event "Titled Tuesday Blitz July 25 Late 2023"]
[White "Floresvillar Gonzalez, Luis Migu"]
[Black "SilverCityIndigo"]
[WhiteFideId "5100542"]
[WhiteElo "2104"]
[BlackElo "2439"]
[Result "0-1"]
[Round "4"]
[TimeControl "180+2"]
[Date "2023.07.25"]
[WhiteClock "0:00:11"]
[BlackClock "0:01:49"]
[Board "174"]

1. e4 c5 2. d4 cxd4 3. c3 Nf6 4. e5 Nd5 5. Nf3 Nc6 6. cxd4 d6 7. exd6 Qxd6 8. Nc3 Bg4 9. Be2 g6 10. O-O Bg7 11. h3 Bf5 12. Be3 O-O 13. Qb3 Nb6 14. d5 Nb4 15. Bxb6 Qxb6 16. a3 Nc2 17. Qxb6 axb6 18. Rac1 Bxc3 19. bxc3 Rxa3 20. Nh4 Rxc3 21. Nxf5 gxf5 22. Rfd1 Nd4 23. Bd3 Rfc8 24. Rxc3 Rxc3 25. Kf1 b5 26. Bb1 Rc4 27. Ba2 Ra4 28. d6 exd6 29. Bd5 b6 30. Rb1 b4 31. Rd1 b3 32. Rb1 b2 33. Ke1 Ra1 34. Ba2 Rxa2 35. Kd2 Kg7 36. Kc3 Ne2+ 37. Kd2 Nc1 38. Kc2 d5 39. Rxb2 Rxb2+ 40. Kxb2 Nd3+ 41. Kc3 Nxf2 42. Kd4 Kf6 43. Kxd5 Ne4 44. Kc6 Kg5 45. Kxb6 Kh4 46. Kc6 Kg3 47. Kd5 Kf4 48. h4 h5 49. Kd4 Kg4 50. Ke5 Ng3 51. Kf6 Kxh4 52. Kxf7 Kg4 53. Kg6 Nf1 54. Kf6 Ne3 0-1


[Site "https://www.chess.com"]

[Event "Titled Tuesday Blitz July 25 Late 2023"]
[White "Xia, Brandon"]
[Black "Chemin, Justo Reinaldo"]
[WhiteFideId "30921880"]
[BlackFideId "2101580"]
[WhiteElo "2346"]
[BlackElo "2257"]
[Result "1-0"]
[Round "4"]
[TimeControl "180+2"]
[Date "2023.07.25"]
[WhiteClock "0:00:40"]
[BlackClock "0:00:00"]
[Board "175"]

1. b3 Nf6 2. Bb2 g6 3. Bxf6 exf6 4. c4 Bg7 5. Nc3 O-O 6. g3 Re8 7. e3 c6 8. Nge2 d6 9. Bg2 f5 10. O-O Nd7 11. Rb1 a5 12. a3 Nc5 13. d3 Qe7 14. b4 axb4 15. axb4 Nd7 16. b5 c5 17. Nd5 Qd8 18. b6 Rf8 19. Nef4 Ne5 20. Qc2 Nc6 21. Nc7 Rb8 22. Nfd5 Be6 23. Rb3 h5 24. h4 g5 25. hxg5 Qxg5 26. Nf4 Bd7 27. Qe2 h4 28. Qh5 Qxh5 29. Nxh5 hxg3 30. Nxg3 Ne5 31. Nd5 Rfe8 32. Nh5 Kf8 33. Nhf4 Bc6 34. Ra3 Ng4 35. Ra7 Be5 36. Rb1 Kg7 37. Nh5+ Kg6 38. Ndf4+ Kg5 39. Bxc6 bxc6 40. Rxf7 Bxf4 41. Nxf4 Ne5 42. Rh7 Rg8 43. Kf1 Kf6 44. Ke2 Rg4 45. Rh6+ Kg5 46. Rxd6 Rxf4 47. exf4+ Kxf4 48. b7 Ng4 49. Rxc6 Nxf2 50. Rc8 Rxb7 51. Rxb7 Ng4 52. Rxc5 Ne5 53. Rxe5 1-0


[Site "https://www.chess.com"]

[Event "Titled Tuesday Blitz July 25 Late 2023"]
[White "Biliy, Vadim"]
[Black "Hamidi, Amir Mohammad"]
[WhiteFideId "14114127"]
[BlackFideId "12563285"]
[WhiteElo "2303"]
[BlackElo "2766"]
[Result "0-1"]
[Round "4"]
[TimeControl "180+2"]
[Date "2023.07.25"]
[WhiteClock "0:00:51"]
[BlackClock "0:01:15"]
[Board "176"]

1. d4 Nf6 2. Nf3 e6 3. e3 b6 4. Be2 Bb7 5. O-O Be7 6. c4 O-O 7. Nc3 d5 8. b3 Nbd7 9. Bb2 a6 10. cxd5 exd5 11. Rc1 Bd6 12. g3 Qe7 13. Nh4 g6 14. Bf3 Rac8 15. Re1 Rfd8 16. Qe2 Nf8 17. Rcd1 Ne6 18. Qf1 Ng5 19. Bg2 Bb4 20. f3 c5 21. a3 Ba5 22. dxc5 bxc5 23. Re2 Ne6 24. f4 d4 25. exd4 cxd4 26. Ne4 Nxe4 27. Bxe4 Bxe4 28. Rxe4 Qb7 29. Qg2 Qxb3 30. Rd2 Bxd2 31. Qxd2 Rc2 0-1


[Site "https://www.chess.com"]

[Event "Titled Tuesday Blitz July 25 Late 2023"]
[White "Ramadoss, Ashokkumar"]
[Black "Papasimakopoulos, Alexandros"]
[WhiteFideId "5040990"]
[BlackFideId "4244125"]
[WhiteElo "2281"]
[BlackElo "2725"]
[Result "1-0"]
[Round "4"]
[TimeControl "180+2"]
[Date "2023.07.25"]
[WhiteClock "0:01:34"]
[BlackClock "0:02:00"]
[Board "177"]

1. Nf3 f5 2. c4 Nf6 3. g3 g6 4. Bg2 Bg7 5. d4 O-O 6. O-O d6 7. Nc3 e6 8. d5 e5 9. Rb1 a5 10. a3 Na6 11. b4 axb4 12. axb4 h6 13. e4 f4 14. gxf4 Nh5 15. fxe5 Bg4 16. Qd3 Bxf3 17. Bxf3 Bxe5 18. Bxh5 Qh4 19. f4 Bxc3 20. Qxc3 Qxh5 21. Bb2 Kf7 22. Qf6+ Ke8 23. Qe6+ Kd8 24. Bf6+ Rxf6 25. Qxf6+ Kd7 26. Qf7+ Kd8 27. Qf8+ Kd7 28. Qxa8 Qg4+ 29. Kh1 Qe2 30. Rbe1 1-0


[Site "https://www.chess.com"]